 Dungeon Crawl Stone Soup version 0.29.1-15-g9cfb28693d (webtiles) character file.

Game seed: 12645881056667352018

188 manyhoops the Insei (level 5, 0/36 HPs)
             Began as an Octopode Transmuter on Apr 9, 2023.
             Slain by a human zombie (2 damage)
             ... in an ossuary.
             The game lasted 00:03:04 (1797 turns).

manyhoops the Insei (Octopode Transmuter)           Turns: 1797, Time: 00:03:05

Health: 0/36       AC:  1    Str: 11    XL:     5   Next: 67%
Magic:  6/8        EV: 13    Int: 15    God:
Gold:   123        SH:  0    Dex: 13    Spells: 5/8 levels left

rFire   . . .      SeeInvis .     - Unarmed
rCold   . . .      Faith    .   (no shield)
rNeg    . . .      Spirit   .   (helmet currently unavailable)
rPois   .          Reflect  .   e - amulet of the acrobat
rElec   .          Harm     .   (no ring)
rCorr   .          Rampage  .   (no ring)
Will    .....                   (no ring)
Stlth   ++........              (no ring)
HPRegen 0.12/turn               (no ring)
MPRegen 0.11/turn               (no ring)
                                (no ring)
                                (no ring)

@: appendages (expiring), wereblooded
A: tentacle spike 3, almost no armour, amphibious, 8 rings, camouflage 1,
gelatinous body 1, (nimble swimmer 1), tentacles
a: End Transformation


You were in an ossuary.
One of your tentacles had grown a beastly spike.
You visited 1 branch of the dungeon, and saw 3 of its levels.
You also visited: Ossuary.

You collected 123 gold pieces.

Inventory:

Jewellery
 e - an amulet of the acrobat (around mantle)


   Skills:
 * Level 2.8 Fighting
 - Level 2.0 Dodging
 + Level 5.5 Unarmed Combat
 - Level 2.0 Spellcasting
 - Level 2.0 Transmutations


You had 5 spell levels left.
You knew the following spells:

 Your Spells              Type           Power      Damage    Failure   Level
a - Beastly Appendage     Tmut           14%        N/A       10%         1
b - Wereblood             Tmut           7%         N/A       14%         2

Your spell library contained the following spells:

 Spells                   Type           Power      Damage    Failure   Level
 Spider Form              Tmut/Pois      4%         N/A       41%         3
 Ice Form                 Ice/Tmut       4%         N/A       82%         4


Dungeon Overview and Level Annotations

Branches:
Dungeon (4/15)            Ossuary (1/1)
 Temple: D:4-7

Altars:
Okawaru


Innate Abilities, Weirdness & Mutations

One of your tentacles has grown a beastly spike.
You cannot wear most types of armour.
You are amphibious.
You can wear up to eight rings at the same time.
Your skin changes colour to match your surroundings (Stealth+).
Your rubbery body absorbs attacks. (AC +1, EV +1)
((You are camouflaged when in or above water. (Stealth+)))
You have tentacles for arms and can constrict up to eight enemies at once.


Message History

You are too injured to fight recklessly!
You feel much better.
You constrict the elf zombie. The jackal zombie closely misses you.
The kobold zombie closely misses you. The human zombie closely misses you.
The elf zombie hits you. The jackal zombie barely misses you.
The elf zombie hits you. x2
The hobgoblin zombie hits you. The goblin zombie hits you.
As you read the scroll labelled QITECKE DIPPAGH, it crumbles to dust.
It is a scroll of amnesia.
Really abort (and waste the scroll)?
Okay, then.
You constrict the elf zombie.
The jackal zombie bites you but does no damage.
As you read the scroll labelled CIMUDA HURUU, it crumbles to dust.
It is a scroll of enchant weapon.
You aren't carrying any weapons that can be enchanted.
You constrict the elf zombie. The human zombie misses you.
The kobold zombie hits you but does no damage.
The elf zombie closely misses you. The elf zombie barely misses you.
The hobgoblin zombie hits you.
The goblin zombie hits you but does no damage.
The elf zombie hits you. The jackal zombie barely misses you.
There is nothing on the other side of the stone arch.
You completely miss the jackal zombie. You grab the jackal zombie.
You tentacle-slap the jackal zombie.
The jackal zombie is moderately damaged.
You constrict the elf zombie. You constrict the jackal zombie.
The human zombie barely misses you. The elf zombie hits you.
The jackal zombie bites you but does no damage.
The kobold zombie hits you but does no damage.
The elf zombie hits you!
* * * LOW HITPOINT WARNING * * *
The elf zombie hits you.
* * * LOW HITPOINT WARNING * * *
The hobgoblin zombie completely misses you.
The goblin zombie hits you.
* * * LOW HITPOINT WARNING * * *
You bludgeon the jackal zombie!
You feel a bit better.
You destroy the jackal zombie!
You constrict the elf zombie. The human zombie hits you.
You die...

...............
...............
...............
...............
...............
.......Z.......
......ZZZ......
.....ZZ@ZZ.....
......Z∩Z......
.......Z.......
...............
...............
...............
...............
...............


You could see a goblin zombie, a hobgoblin zombie, 2 gnoll zombies, a kobold
zombie, 5 elf zombies and a human zombie.

Vanquished Creatures
  Sigmund (D:2)
  A ball python (D:1)
  3 endoplasms (D:1)
  A giant cockroach (D:1)
  A goblin (D:1)
  4 hobgoblins
  3 jackals (D:1)
  4 kobolds
  3 quokkas (D:1)
  3 bats (D:1)
  3 frilled lizards (D:1)
  A jackal zombie (Ossuary)
  2 rats (D:1)
30 creatures vanquished.

Vanquished Creatures (others)
  2 toadstools (D:2)
2 creatures vanquished.

Grand Total: 32 creatures vanquished

Notes
Turn   | Place    | Note
-------+----------+-------------------------------------------
     0 | D:1      | manyhoops the Octopode Transmuter began the quest for the
                  | Orb.
     0 | D:1      | Reached XP level 1. HP: 13/13 MP: 3/3
   218 | D:1      | Reached XP level 2. HP: 18/18 MP: 3/5
   630 | D:1      | Reached XP level 3. HP: 14/24 MP: 6/6
   804 | D:1      | Found a faded altar of an unknown god.
  1551 | D:2      | Found an iron altar of Okawaru.
  1551 | D:2      | Noticed Sigmund
  1593 | D:2      | Killed Sigmund
  1594 | D:2      | Reached skill level 5 in Unarmed Combat
  1594 | D:2      | Reached XP level 4. HP: 18/30 MP: 7/7
  1594 | D:2      | Reached XP level 5. HP: 22/36 MP: 8/8
  1772 | D:2      | You fall into a shaft and drop 2 floors!
  1776 | D:4      | Found a sand-covered staircase.
  1780 | Ossuary  | Entered an ossuary
  1785 | Ossuary  | Learned a level 2 spell: Wereblood
  1796 | Ossuary  | HP: 1/36 [goblin zombie (1)]
  1797 | Ossuary  | Slain by a human zombie

Illustrated notes

Levels and vault maps discovered:
D:1:      elethiomel_arrival_infinity_welcomes_careful_drivers,
          layout_loops_ring, ebering_ecumenical_altar_abandoned
D:2:      layout_basic, basic_altar, corexii_item_surrounded_by_moat,
          minmay_gold_behind_fungi, st_stairs_13, nicolae_elevator_lobby_plus,
          uniq_sigmund, uniq_natasha
D:4:      layout_basic, minmay_temple_entry_butterflies, enter_ossuary_5,
          nicolae_stop_n_shop_1, uniq_grinder
Ossuary:  ossuary_minmay_tomb_2a

Skill      XL: |  1  2  3 |
---------------+----------+-----
Fighting       | 2 |  2.8
Unarmed Combat | 5 |  5.5
Dodging        | |  2.0
Spellcasting   | |  2.0
Transmutations | |  2.0

Action                   |  1- 3 |  4- 6 || total
-------------------------+-------+-------++-------
Melee: Unarmed           |    63 |     6 ||    69
       Constrict         |    15 |     2 ||    17
       Kick              |    12 |     1 ||    13
       Tentacles         |     9 |     2 ||    11
       Punch             |       |     1 ||     1
 Cast: Beastly Appendage |    18 |     1 ||    19
       Wereblood         |       |     1 ||     1
  Use: Potion            |     1 |     4 ||     5
       Scroll            |       |     2 ||     2
 Stab: Sleeping          |     5 |       ||     5
Armor: Skin              |     9 |    12 ||    21
Dodge: Dodged            |    31 |    29 ||    60
